 Dungeon Crawl Stone Soup version 0.13-a0-1660-ga2b9f94 (webtiles) character file.

339 M4edhros the Poker (level 5, -1/34 HPs)
             Began as an Octopode Artificer on June 18, 2013.
             Killed by nerve-wracking pain
             ... invoked by Grinder
              (9 damage)
             ... on Level 4 of the Dungeon.
             The game lasted 00:03:36 (2893 turns).

M4edhros the Poker (Octopode Artificer)             Turns: 2893, Time: 00:03:36

HP  -1/34        AC  1     Str 11      XL: 5   Next: 25%
MP   7/7         EV 13     Int 15      God:
Gold 196         SH  0     Dex 12      Spells:  0 memorised,  4 levels left

Res.Fire  : . . .   See Invis. : .   h - +0 spear
Res.Cold  : . . .   Warding    : .   (no shield)
Life Prot.: . . .   Conserve   : .   (helmet restricted)
Res.Poison: .       Res.Corr.  : .   (no amulet)
Res.Elec. : .       Clarity    : .   (no ring)
Sust.Abil.: . .     Spirit.Shd : .   (no ring)
Res.Mut.  : .       Stasis     : .   (no ring)
Res.Rott. : .       Flight     : .   (no ring)
Saprovore : . . .                    (no ring)
                                     (no ring)
                                     (no ring)
                                     (no ring)

@: slightly resistant to hostile enchantments, quite stealthy
A: almost no armour, amphibious, 8 rings, constrict 8, camouflage 1, AC +1
a: no special abilities


You were on level 4 of the Dungeon.
You were hungry.

You visited 1 branch of the dungeon, and saw 4 of its levels.

You collected 176 gold pieces.

Inventory:

Hand weapons
 a - a +0,+0 short sword
 h - a +0,+0 spear (weapon)
 p - a +0,+4 sling
Missiles
 t - 16 poisoned sling bullets
Magical devices
 b - a wand of flame (14)
 c - a wand of enslavement (10)
 d - a wand of random effects (14)
Comestibles
 f - a bread ration
 q - a meat ration
 r - 3 chokos
Scrolls
 e - a scroll of curse armour {unknown}
 g - 2 scrolls of enchant weapon II {unknown}
 i - 2 scrolls of remove curse {unknown}
 j - a scroll of enchant weapon I {unknown}
 k - a scroll of teleportation {unknown}
 l - 2 scrolls of fear {unknown}
 m - 2 scrolls of identify {unknown}
 o - 3 scrolls of fog {unknown}
 s - a scroll of random uselessness {unknown}
 v - a scroll of enchant armour {unknown}
 x - a scroll of curse weapon {unknown}
Potions
 n - a potion of restore abilities
 u - a potion of resistance {unknown}


   Skills:
 - Level 1.0 Fighting
 - Level 1.0 Short Blades
 * Level 3.3 Polearms
 + Level 3.2 Dodging
 + Level 3.1 Stealth
 - Level 2.1 Traps
 - Level 3.2 Evocations


You had 4 spell levels left.
You didn't know any spells.

Dungeon Overview and Level Annotations

Branches:
Dungeon (4/27)
 Temple: D:4-7

Altars:
Cheibriados
Fedhas
Makhleb
Okawaru

Annotations
D:3 Grinder, Terence


Innate Abilities, Weirdness & Mutations

You cannot wear most types of armour.
You are amphibious.
You can wear up to eight rings at the same time.
You can use your tentacles to constrict many enemies at once.
Your skin changes colour to match your surroundings (Stlth).
Your rubbery body absorbs attacks (AC +1).


Message History

Unknown command.
Unknown command.
Evoke which item? (* to show all) (? for menu, Esc to quit)
Zapping:
d - a wand of random effects (15)
Press: ? - help, Shift-Dir - straight line, f - Grinder
Aim: Grinder Grinder flickers and vanishes!
Deactivating autopickup; reactivate with Ctrl-A.
This wand has 14 charges left.
It hits you.
You writhe in agony.
Something tries to affect you, but you resist.
Pain shoots through your body!
There is a stone staircase leading down here.
It hits you.
* * * LOW HITPOINT WARNING * * *
You writhe in agony.
* * * LOW HITPOINT WARNING * * *
You climb downwards.
There is a stone staircase leading up here.
You hit it but do no damage. Pain shoots through your body!
You die... ########## #@........ ##########

There were no monsters in sight!

Vanquished Creatures
  A hound (D:3)
  4 adders
  A worm (D:2)
  4 giant geckos
  An ooze (D:1)
  An orc (D:3)
  3 ball pythons
  4 bats
  4 hobgoblins
  11 jackals
  5 kobolds
  A quokka (D:2)
  4 giant newts (D:2)
  6 goblins
  3 rats
53 creatures vanquished.

Vanquished Creatures (collateral kills)
  Jessica (D:3)
1 creature vanquished.

Vanquished Creatures (others)
  A giant newt (D:2)
  A jackal (D:2)
  A rat (D:1)
3 creatures vanquished.

Grand Total: 57 creatures vanquished

Notes
Turn   | Place    | Note
--------------------------------------------------------------
     0 | D:1      | M4edhros, the Octopode Artificer, began the quest for the Orb.
     0 | D:1      | Reached XP level 1. HP: 14/14 MP: 1/1
   324 | D:1      | Reached skill level 1 in Polearms
   512 | D:1      | Reached XP level 2. HP: 14/19 MP: 3/3
  1093 | D:2      | Reached XP level 3. HP: 24/24 MP: 4/4
  1209 | D:2      | Found a blossoming altar of Fedhas.
  1369 | D:2      | Found a snail-covered altar of Cheibriados.
  1407 | D:2      | Found an iron altar of Okawaru.
  1664 | D:3      | Reached XP level 4. HP: 20/29 MP: 6/6
  1707 | D:3      | Noticed Terence
  2077 | D:3      | Found a burning altar of Makhleb.
  2461 | D:3      | Noticed Jessica
  2483 | D:3      | Killed Jessica
  2483 | D:3      | Reached XP level 5. HP: 11/34 MP: 7/7
  2878 | D:3      | Noticed Grinder
  2880 | D:3      | Paralysed by Grinder for 6 turns
  2893 | D:4      | Killed from afar by Grinder

Action                   |  1- 3 |  4- 6 || total
-------------------------+-------+-------++-------
Melee: Spear             |    95 |    56 ||   151
       Short sword       |     1 |       ||     1
Evoke: Wand              |       |     7 ||     7
  Use: Potion            |     4 |       ||     4
 Stab: Sleeping          |    12 |       ||    12
       Distracted        |       |     1 ||     1
